 Dungeon Crawl Stone Soup version 0.28.0-1-gb440e238dd (webtiles) character file.

Game seed: 15845058782627345231

16620 sanka the Impaler (level 12, -2/99 HPs)
             Began as a Merfolk Conjurer on Feb 21, 2022.
             Was a High Priest of Dithmenos.
             Blown up by a great orb of eyes (30 damage)
             ... with a mindburst bolt
             ... on level 1 of the Lair of Beasts.
             The game lasted 00:35:57 (19214 turns).

sanka the Impaler (Merfolk Conjurer)               Turns: 19214, Time: 00:35:58

Health: -2/99      AC: 11    Str:  7    XL:     12   Next: 39%
Magic:  15/15      EV: 21    Int: 17    God:    Dithmenos [*****.]
Gold:   352        SH:  0    Dex: 18    Spells: 12/15 levels left

rFire   . . .      SeeInvis +   a - +0 halberd
rCold   . . .      Faith    .   (shield currently unavailable)
rNeg    . . .      Spirit   .   M - +3 leather armour {Will+}
rPois   .          Reflect  .   C - +0 helmet
rElec   .          Harm     .   j - +0 cloak
rCorr   .          Rampage  .   m - +0 pair of gloves
Will    +....                   d - +1 pair of boots
Stlth   +++.......              (no amulet)
HPRegen 0.26/turn               f - +4 ring of slaying
MPRegen 0.14/turn               p - ring of see invisible

@: wreathed by umbra
A: (nimble swimmer 2), mertail
a: Renounce Religion, Shadow Step, Shadow Form


You were on level 1 of the Lair of Beasts.
You worshipped Dithmenos.
Dithmenos was extremely pleased with you.
You visited 2 branches of the dungeon, and saw 12 of its levels.
You also visited: Sewer.

You collected 636 gold pieces.
You spent 284 gold pieces at shops.

Inventory:

Hand Weapons
 a - a +0 halberd (weapon)
 b - a +0 trident
 q - a +1 dagger of draining
 V - a +2 whip of distortion
 X - a +1 broad axe of flaming
Missiles
 W - 4 throwing nets
 Y - 8 poisoned darts
Armour
 d - a +1 pair of boots (worn)
 j - a +0 cloak (worn)
 m - a +0 pair of gloves (worn)
 y - a +1 robe of the Archmagi
 C - a +0 helmet (worn)
 H - +0 steam dragon scales
 M - a +3 leather armour of willpower (worn)
Jewellery
 f - a +4 ring of slaying (left hand)
 h - a ring of ice
 o - a ring of protection from fire
 p - a ring of see invisible (right hand)
Wands
 s - a wand of acid (1)
 K - a wand of polymorph (1)
 S - a wand of flame (25)
 T - a wand of mindburst (5)
Scrolls
 g - 2 scrolls of magic mapping
 i - a scroll of fear
 k - a scroll of acquirement
 l - 4 scrolls of teleportation
 n - a scroll of amnesia {unknown}
 w - 2 scrolls of vulnerability
 A - 4 scrolls of silence
 D - a scroll of brand weapon {unknown}
 I - 4 scrolls of enchant armour
 L - a scroll of noise {unknown}
 N - 2 scrolls of immolation
 O - a scroll of blinking {unknown}
 P - a scroll of summoning {unknown}
 Q - a scroll of torment {unknown}
Potions
 c - 3 potions of lignification {unknown}
 e - 3 potions of heal wounds
 r - 3 potions of mutation {unknown}
 t - 2 potions of brilliance {unknown}
 u - 2 potions of haste {unknown}
 v - 2 potions of magic {unknown}
 x - a potion of degeneration {unknown}
 z - a potion of attraction {unknown}
 B - 4 potions of flight {unknown}
 E - 2 potions of might {unknown}
 F - a potion of cancellation {unknown}
 G - 4 potions of curing
 J - a potion of ambrosia {unknown}
 R - a potion of resistance {unknown}
 U - 3 potions of invisibility


   Skills:
 + Level 10.9 Fighting
 - Level 16.0 Polearms
 + Level 15.8 Dodging
 - Level 2.1 Stealth
 - Level 2.0 Spellcasting
 - Level 5.0 Conjurations


You had 12 spell levels left.
You knew the following spells:

 Your Spells              Type           Power      Damage    Failure   Level
a - Magic Dart            Conj           72%        1d6       3%          1
b - Searing Ray           Conj           36%        2d5       5%          2

Your spell library contained the following spells:

 Spells                   Type           Power      Damage    Failure   Level
 Dazzling Flash           Conj/Hex       20%        N/A       30%         3
 Tukima's Dance           Hex            1%         N/A       65%         3
 Fulminant Prism          Conj/Hex       5%         3d7       71%         4
 Iskenderun's Mystic Bla  Conj/Tloc      10%        2d4       71%         4
 Passage of Golubria      Tloc           1%         N/A       96%         4
 Yara's Violent Unravell  Hex/Tmut       0%         3d3       100%        5


Dungeon Overview and Level Annotations

Branches:
Dungeon (11/15)            Temple (0/1) D:5            Lair (1/6) D:10
    Orc (0/2) D:11          Sewer (visited)

Altars:
Cheibriados
Dithmenos
Gozag
Hepliaklqana
Makhleb
Okawaru
Qazlal
Ru
Vehumet
Xom
Yredelemnul
Zin
Jiyva

Shops:
D:4 [   D:6 (!*

Annotations:
D:10 Snorg


Innate Abilities, Weirdness & Mutations

((You are very nimble when in or above water. (Stealth+, EV+, Speed+++)))
Your lower body shifts to a powerful aquatic tail in water.


Message History

You are too injured to fight recklessly!
You are too injured to fight recklessly!
You slash vogonpoet's ghost!
Vogonpoet's ghost is almost destroyed.
Vogonpoet's ghost misses you.
You hit vogonpoet's ghost but do no damage.
Vogonpoet's ghost is almost destroyed.
You hit vogonpoet's ghost but do no damage.
Vogonpoet's ghost is almost destroyed.
Vogonpoet's ghost gestures at you while chanting.
The magic dart hits you!
You closely miss vogonpoet's ghost.
Vogonpoet's ghost is almost destroyed.
Your shadow hits vogonpoet's ghost but does no damage.
Vogonpoet's ghost hits you but does no damage.
You barely miss vogonpoet's ghost.
Vogonpoet's ghost is almost destroyed.
You completely miss vogonpoet's ghost.
Vogonpoet's ghost is almost destroyed.
Vogonpoet's ghost hits you but does no damage.
You barely miss vogonpoet's ghost.
Vogonpoet's ghost is almost destroyed.
Vogonpoet's ghost gestures at you while chanting.
The magic dart hits you!
* * * LOW HITPOINT WARNING * * *
You slash vogonpoet's ghost!
You destroy vogonpoet's ghost!
Dithmenos accepts your kill. The great orb of eyes gazes at you.
You are confused.
The great orb of eyes gazes at you. You resist with some effort.
You see here 15 stones.
You bump into the rock wall.
The great orb of eyes gazes at you.
You easily resist.
You feel less confused. The great orb of eyes gazes at you.
Your mind is blasted!
You die...

.#########....###..............#
..## #P#P.....##...##.#..≈##..#
...####......J.....###.+..###..##
..............J...## #.#..# #..P#
...........##..J...# #....###†.##
.........######.G(## #.#..##≈..#.
........## #....###........##.
.........# ##.......#.....#.#.
.........#### #@......#....#...#
..........#.####......##.#####..)
...#.#......##........#####...#..
....####..........##...###[...###
....####.≈.≈≈≈≈..##.##..#######
#....##..≈≈≈≈≈≈≈.####.#..##
###.....≈≈≈≈≈≈≈≈≈≈# ####..##
#.#...≈≈≈≈≈≈≈≈≈≈## #...##
###P..≈≈≈≈≈≈≈≈≈.P# ###..##


You could see a great orb of eyes, a very large slime creature and 2 jellies.

Vanquished Creatures
  Gastronok (D:8)
  Harold (D:7)
  The ghost of vogonpoet the Fighter, a novice DrCj of Vehumet (Lair:1)
  A boulder beetle (D:11)
  2 two-headed ogres
  The ghost of Skimidon the Spear-Bearer, a novice MfGl of Hepliaklqana (D:5)
  Pikel (D:7)
  A black mamba (Lair:1)
  4 cane toads
  Maggie (D:6)
  Psyche (D:7)
  A komodo dragon (Lair:1)
  2 unseen horrors
  A hornet (D:7)
  A blink frog (Lair:1)
  A meliai zombie (D:10)
  A wraith (D:10)
  A shadow (D:10)
  13 yaks
  A basilisk (Lair:1)
  Grum (D:8)
  An acid dragon (D:11)
  A water moccasin (D:8)
  An ice beast (D:5)
  A sky beast (D:8)
  4 orc warriors
  4 centaurs
  2 wolves (D:7)
  A phantom (D:5)
  A lemure (D:7)
  4 kobold brigands
  5 bullfrogs
  A gnoll sergeant (D:9)
  3 scorpions
  A water moccasin skeleton (D:3)
  15 wights
  3 howler monkeys
  An electric eel (Lair:1)
  5 centaur zombies
  3 bullfrog zombies
  2 bullfrog skeletons
  A jelly (D:6)
  4 hounds
  3 orc priests
  A centaur skeleton (D:6)
  3 gnoll shamans
  4 iguanas
  5 orc wizards
  A killer bee zombie (D:7)
  A hound zombie (D:5)
  A hound skeleton (D:5)
  Robin (D:4)
  28 gnolls
  A howler monkey zombie (D:9)
  9 adders
  2 howler monkey skeletons
  7 river rats (Sewer)
  3 shadow imps
  3 white imps
  An adder skeleton (D:4)
  4 worms
  3 dart slugs
  31 orcs
  9 endoplasms
  3 giant cockroaches
  9 goblins
  16 hobgoblins
  2 jackals (D:2)
  26 kobolds
  7 quokkas
  7 ball pythons
  5 bats
  3 frilled lizards
  25 rats
326 creatures vanquished.

Notes
Turn   | Place    | Note
-------+----------+-------------------------------------------
     0 | D:1      | sanka the Merfolk Conjurer began the quest for the Orb.
     0 | D:1      | Reached XP level 1. HP: 13/13 MP: 3/3
   315 | D:1      | Reached XP level 2. HP: 5/19 MP: 0/5
   548 | D:1      | Learned a level 2 spell: Searing Ray
   902 | D:1      | Reached XP level 3. HP: 24/24 MP: 3/6
  1469 | D:2      | Found a faded altar of an unknown god.
  1479 | D:2      | Prayed at the altar of an unknown god.
  1479 | D:2      | Became a worshipper of Dithmenos the Shadowed
  1479 | D:2      | Reached * piety under Dithmenos
  2557 | D:3      | Reached XP level 4. HP: 11/30 MP: 2/7
  2689 | D:3      | Reached skill level 5 in Conjurations
  2689 | D:3      | Reached XP level 5. HP: 6/35 MP: 2/8
  3014 | D:3      | Found a glowing drain.
  3029 | Sewer    | Entered a sewer
  3114 | Sewer    | Reached ** piety under Dithmenos
  3115 | Sewer    | Reached skill level 5 in Dodging
  3259 | Sewer    | Reached XP level 6. HP: 24/41 MP: 9/9
  3953 | Sewer    | Reached *** piety under Dithmenos
  4445 | D:3      | Reached XP level 7. HP: 17/46 MP: 10/10
  5652 | D:4      | Found Qedeegem's Antique Armour Boutique.
  5829 | D:4      | Noticed Robin
  5869 | D:4      | Killed Robin
  5870 | D:4      | Reached skill level 1 in Polearms
  6078 | D:4      | Reached skill level 1 in Fighting
  6490 | D:5      | Entered Level 5 of the Dungeon
  6500 | D:5      | Reached skill level 2 in Polearms
  6544 | D:5      | Found a transporter.
  6548 | D:5      | Found an iron altar of Okawaru.
  6748 | D:5      | Reached **** piety under Dithmenos
  6749 | D:5      | Reached skill level 3 in Polearms
  6920 | D:5      | Reached skill level 4 in Polearms
  7038 | D:5      | Reached skill level 5 in Polearms
  7038 | D:5      | Reached XP level 8. HP: 37/58 MP: 11/11
  7231 | D:5      | Found a staircase to the Ecumenical Temple.
  7355 | D:5      | Noticed Skimidon's ghost (novice MfGl)
  7373 | D:5      | Found a transporter.
  7399 | D:5      | Reached skill level 6 in Polearms
  7738 | D:5      | Reached skill level 7 in Polearms
  7931 | D:5      | Found a glowing silver altar of Zin.
  7931 | D:5      | Noticed an angel
  8214 | D:6      | Reached skill level 8 in Polearms
  8621 | D:4      | Bought a pair of runed boots for 172 gold pieces
  8670 | D:6      | Reached skill level 9 in Polearms
  8729 | D:6      | Noticed Maggie
  8868 | D:6      | Found Soowimi's General Store.
  9025 | D:6      | Found Otugg's Distillery.
  9030 | D:6      | Bought a potion of heal wounds for 70 gold pieces
  9112 | D:6      | Reached skill level 10 in Polearms
  9137 | D:6      | Found Nifig's Antique Weapon Shoppe.
  9287 | D:7      | Found a basalt altar of Yredelemnul.
  9560 | D:7      | Reached skill level 11 in Polearms
  9560 | D:7      | Reached XP level 9. HP: 63/63 MP: 12/12
  9566 | D:7      | Noticed Harold
  9577 | D:7      | Found a sacrificial altar of Ru.
  9855 | D:7      | Reached skill level 12 in Polearms
  9868 | D:7      | Noticed Pikel
  9988 | D:7      | Killed Pikel
  9989 | D:7      | Reached skill level 13 in Polearms
 10541 | D:6      | Bought a potion of curing for 42 gold pieces
 10569 | D:8      | Reached skill level 14 in Polearms
 10609 | D:8      | Reached ***** piety under Dithmenos
 10619 | D:8      | Noticed a hornet
 10628 | D:8      | Noticed Grum
 10646 | D:7      | Killed a hornet
 10655 | D:7      | Reached skill level 15 in Polearms
 10825 | D:8      | Killed Grum
 10931 | D:8      | Reached XP level 10. HP: 70/70 MP: 8/13
 11052 | D:8      | Noticed Psyche
 11381 | D:8      | Noticed Gastronok
 11415 | D:8      | Killed Gastronok
 11416 | D:8      | Reached skill level 16 in Polearms
 11424 | D:8      | Reached skill level 5 in Fighting
 11660 | D:8      | Found a snail-covered altar of Cheibriados.
 11970 | D:9      | Reached skill level 10 in Dodging
 12571 | D:9      | Found an opulent altar of Gozag.
 13354 | D:10     | Entered Level 10 of the Dungeon
 13463 | D:10     | Reached XP level 11. HP: 83/84 MP: 14/14
 13723 | D:10     | Found a staircase to the Lair.
 13739 | D:10     | Noticed Snorg
 13821 | D:10     | Found a large runed translucent door.
 13822 | D:10     | Found a large runed translucent door.
 14223 | D:10     | Found a hazy altar of Hepliaklqana.
 14590 | D:10     | Found a burning altar of Makhleb.
 14874 | D:10     | Found a shimmering altar of Xom.
 15295 | D:10     | Found a stormy altar of Qazlal.
 15295 | D:10     | Noticed a two-headed ogre
 15308 | D:10     | Killed a two-headed ogre
 15313 | D:10     | Found a radiant altar of Vehumet.
 15350 | D:11     | Found a staircase to the Orcish Mines.
 15686 | D:11     | Noticed a two-headed ogre
 15701 | D:11     | Killed a two-headed ogre
 16197 | D:11     | Noticed a boulder beetle
 16215 | D:11     | HP: 3/90 [boulder beetle (27)]
 16570 | D:11     | Killed a boulder beetle
 16571 | D:11     | Reached skill level 10 in Fighting
 17131 | D:5      | Killed Skimidon's ghost
 17281 | D:6      | Killed Maggie
 17282 | D:6      | Reached XP level 12. HP: 95/97 MP: 15/15
 17470 | D:7      | Killed Harold
 17471 | D:7      | Reached skill level 15 in Dodging
 17486 | D:7      | Killed Psyche
 17710 | Lair:1   | Entered Level 1 of the Lair of Beasts
 17830 | Lair:1   | Found a runed translucent gate.
 17830 | Lair:1   | Found a runed translucent gate.
 17837 | Lair:1   | Found a runed translucent gate.
 17837 | Lair:1   | Noticed a great orb of eyes
 17838 | Lair:1   | Noticed vogonpoet's ghost (novice DrCj)
 17841 | Lair:1   | Found a viscous altar of Jiyva.
 19018 | Lair:1   | Identified a scroll of acquirement
 19203 | Lair:1   | Killed vogonpoet's ghost
 19214 | Lair:1   | Blown up by a great orb of eyes

Illustrated notes

Levels and vault maps discovered:
D:1:      minmay_arrival_five_plusses, layout_basic
D:2:      layout_loops_corners, shapermc_ecumenical_altar_venn
D:3:      layout_loops_corners, portal_sewer_entry_d
D:4:      layout_loops_ring, serial_shops, shop, amethyst_killhole, uniq_robin
D:5:      layout_cave_pods, zin_angel,
          mainiacjoe_overflow_concentric_impassable,
          minmay_temple_entry_statues, gammafunk_ghost_arena
D:6:      layout_basic, serial_shops, nicolae_shop_hallway_plus,
          kennysheep_little_box, shop, uniq_maggie
D:7:      layout_loops_ring, lemuel_tele_altar, kennysheep_mini,
          serial_co_window_serial, co_window_of_opportunity_a,
          co_window_paths_a, co_window_paths_a, co_window_corner_a,
          co_window_corner_a, co_window_corner_a, co_window_paths_a,
          co_window_paths_a, co_window_paths_a, co_window_of_opportunity_b,
          co_window_unsneaky_path_d, co_window_broadway_b,
          co_window_of_opportunity_c, glass_columns_b, glass_columns_a,
          glass_columns_a, uniq_harold, uniq_pikel
D:8:      layout_cave_pools, kennysheep_slug_shrine, minivault_26, uniq_psyche,
          uniq_grum, uniq_gastronok
D:9:      layout_loops_corners, lemuel_round_altar, st_stairs_6
D:10:     layout_grid_maze, mainiacjoe_overflow_tiny_flanked, bloody_makhleb,
          overflow_temple_1_default, jmf_multi_god_temple2, lair_entry_dummy,
          uniq_snorg
D:11:     layout_loops_ring
Lair:1:   layout_layer_cave, gammafunk_ghost_ooze, hangedman_lair_generics_rect,
          infiniplex_staircase_pool

Skill      XL: |  1  2  3  4  5  6  7  8  9 10 11 12 |
---------------+-------------------------------------+-----
Conjurations   | 4 5 |  5.0
Dodging        | 3 5 7 8 11 14 15 | 15.8
Polearms       | 5 11 15 16 | 16.0
Fighting       | 3 7 10 | 10.9
Stealth        | |  2.1
Spellcasting   | |  2.0

Action                   |  1- 3 |  4- 6 |  7- 9 | 10-12 || total
-------------------------+-------+-------+-------+-------++-------
Melee: Dagger            |    35 |    33 |       |       ||    68
       Punch             |     1 |     3 |     2 |       ||     6
       Spear             |       |   135 |   122 |       ||   257
       Tailslap          |       |     9 |     1 |     1 ||    11
       Halberd           |       |       |   224 |   538 ||   762
       Unarmed           |       |       |       |     9 ||     9
Throw: Dart              |       |       |       |     6 ||     6
       Throwing net      |       |       |       |     6 ||     6
 Cast: Magic Dart        |    76 |     9 |   128 |    70 ||   283
       Searing Ray       |     1 |     9 |     5 |       ||    15
Evoke: Wand              |       |       |       |     3 ||     3
  Use: Scroll            |     3 |       |     1 |     6 ||    10
       Potion            |       |       |       |     2 ||     2
 Stab: Sleeping          |     2 |     5 |    13 |     7 ||    27
       Held in net/web   |       |       |       |     4 ||     4
Armor: Robe              |     6 |    17 |    34 |     3 ||    60
       Skin              |       |       |       |    11 ||    11
       Leather armour    |       |       |       |    70 ||    70
Dodge: Dodged            |    22 |   123 |   241 |   292 ||   678
